 Dungeon Crawl Stone Soup version 0.22.1-1-ga44c0e5 (webtiles) character file.

107 bloo the Firebug (level 4, 0/33 HPs)
             Began as a Draconian Fire Elementalist on Oct 1, 2018.
             Slain by a gnoll
             ... wielding a +0 spear
              (3 damage)
             ... on level 2 of the Dungeon.
             The game lasted 00:21:25 (4180 turns).

bloo the Firebug (Draconian Fire Elementalist)      Turns: 4180, Time: 00:21:25

Health: 0/33       AC:  7    Str: 10    XL:     4   Next: 57%
Magic:  1/8        EV: 13    Int: 17    God:
Gold:   133        SH:  0    Dex: 11    Spells: 3/9 levels left

rFire    . . .     SeeInvis .   p - +0 quarterstaff
rCold    . . .     Gourm    .   (shield currently unavailable)
rNeg     . . .     Faith    .   (armour unavailable)
rPois    .         Spirit   .   (helmet restricted)
rElec    .         Reflect  .   q - +0 cloak
rCorr    .         Harm     .   (no gloves)
MR       .....                  h - +0 pair of boots
Stlth    ++........             (no amulet)
HPRegen  0.11/turn              (no ring)
MPRegen  0.11/turn              (no ring)

@: very slightly contaminated
A: unfitting armour, cold-blooded, AC +5
a: no special abilities


You were on level 2 of the Dungeon.
You were not hungry.

You visited 1 branch of the dungeon, and saw 4 of its levels.

You collected 133 gold pieces.

Inventory:

Hand Weapons
 e - a +0 dagger
 p - a +0 quarterstaff (weapon)
Missiles
 a - 104 stones (quivered)
Armour
 h - a +0 pair of boots (worn)
 q - a +0 cloak (worn)
Jewellery
 i - an uncursed ring of poison resistance {unknown}
 r - an uncursed ring of poison resistance {unknown}
Scrolls
 c - a scroll of remove curse {unknown}
 f - 2 scrolls of magic mapping
 g - 2 scrolls of identify {unknown}
 k - a scroll of blinking {unknown}
 l - 2 scrolls of teleportation {unknown}
 n - a scroll of fear
 o - a scroll of amnesia {unknown}
Potions
 d - 3 potions of curing {unknown}
 j - a potion of heal wounds {unknown}
 m - a potion of might {unknown}
 t - a potion of flight {unknown}
Comestibles
 b - 4 rations


   Skills:
 + Level 2.8 Dodging
 - Level 1.7 Stealth
 + Level 3.0 Spellcasting
 + Level 2.2 Conjurations
 - Level 3.5 Fire Magic


You had 3 spell levels left.
You knew the following spells:

 Your Spells              Type           Power        Failure   Level  Hunger
a - Flame Tongue          Conj/Fire      ##...        5%          1    None
b - Throw Flame           Conj/Fire      ##....       9%          2    ##.....
c - Conjure Flame         Conj/Fire      ##......     16%         3    ###....

Your spell library contained the following spells:

 Spells                   Type           Power        Failure   Level  Hunger
 Inner Flame              Hex/Fire       #.......     26%         3    ###....
 Sticky Flame             Conj/Fire      ##......     47%         4    ####...
 Fireball                 Conj/Fire      ##........   83%         5    ######.


Dungeon Overview and Level Annotations

Branches:
Dungeon (4/15)
 Temple: D:4-7

Altars:
Fedhas
Gozag


Innate Abilities, Weirdness & Mutations

Your plain brown scales are hard. (AC +5)
You cannot fit into any form of body armour.
You are cold-blooded and may be slowed by cold attacks.


Message History

The puff of flame misses the hobgoblin.
The hobgoblin hits you with a club. The gnoll barely misses you.
Casting: Throw Flame (safe; 9% risk of failure)
Confirm with . or Enter, or press ? or * to list all spells.
Aiming: Throw Flame (safe; 9% risk of failure)
Press: ? - help, Shift-Dir - straight line, f/p - hobgoblin
Aim: a hobgoblin, wielding a club The puff of flame hits the hobgoblin.
The hobgoblin is heavily wounded.
The hobgoblin closely misses you. The gnoll barely misses you.
You sock the hobgoblin!
You kill the hobgoblin!
The gnoll hits you with a spear!
* * * LOW HITPOINT WARNING * * *
The gnoll hits you with a spear.
* * * LOW HITPOINT WARNING * * *
You hit the gnoll.
Your tail-slap misses the gnoll.
The gnoll is moderately wounded.
The gnoll hits you with a spear.
You die...

#.## #.# #.# #.# #.#
#.######### #'##
#.#.......# ...##
#.#.#####.# ....##
#.#.# #.#
.....######.#.### #.#
......##........###.#
......'.......)>@##.#
......##.#....#.g##.#
.....###.##.#.#..##.#
....## #.##.........#
...## #.##..##..####
#'## #.##..##..# #.#
#.........# #.#
####......# #>##
##.#####


You could see a gnoll.

Vanquished Creatures
  3 gnolls
  2 adders (D:3)
  An ooze (D:2)
  A worm (D:2)
  2 dart slugs (D:1)
  2 leopard geckos (D:3)
  4 orcs (D:3)
  A bat (D:1)
  2 giant cockroaches
  7 goblins
  3 hobgoblins
  4 jackals (D:3)
  5 kobolds
  A frilled lizard (D:1)
  2 rats
40 creatures vanquished.

Notes
Turn   | Place    | Note
-------+----------+-------------------------------------------
     0 | D:1      | bloo the Draconian Fire Elementalist began the quest for
                  | the Orb.
     0 | D:1      | Reached XP level 1. HP: 14/14 MP: 3/3
   547 | D:1      | Reached XP level 2. HP: 4/20 MP: 0/5
   828 | D:1      | Learned a level 2 spell: Throw Flame
  1265 | D:1      | Reached XP level 3. HP: 26/26 MP: 0/6
  2734 | D:3      | Learned a level 3 spell: Conjure Flame
  2762 | D:3      | Found an opulent altar of Gozag.
  2838 | D:3      | Found a blossoming altar of Fedhas.
  3211 | D:3      | Reached XP level 4. HP: 27/33 MP: 0/8
  4180 | D:2      | Slain by a gnoll

Skill      XL: |  1  2  3  4 |
---------------+-------------+-----
Dodging        | 2 |  2.8
Conjurations   | 2 |  2.2
Spellcasting   | 3 |  3.0
Stealth        | |  1.7
Fire Magic     | |  3.5

Action                   |  1- 3 |  4- 6 || total
-------------------------+-------+-------++-------
Melee: Unarmed           |    14 |       ||    14
       Dagger            |     8 |       ||     8
       Tailslap          |     3 |       ||     3
       Quarterstaff      |     8 |     5 ||    13
 Cast: Flame Tongue      |    41 |     3 ||    44
       Throw Flame       |    12 |    14 ||    26
       Conjure Flame     |     1 |       ||     1
  Use: Scroll            |     2 |       ||     2
  Eat: Chunk             |     5 |     3 ||     8
       Ration            |     1 |     1 ||     2
Armor: Skin              |     8 |     5 ||    13
Dodge: Dodged            |    26 |     8 ||    34
